Map: Backwater LE

Players

Keegan

  • Race: Zerg Zerg
  • League: Gold
  • Spawn Location: 5:00

CynderQuil - Winner!

  • Race: Protoss Protoss
  • League: Platinum
  • Spawn Location: 11:00

VOD

Have the link to the VOD?

Description

Time

  • Played on: April 10, 2018, 3:40 a.m.
  • Length: 19:44
Show
View Real Time Build Order
Export as new Build Order

Keegan Zerg 

Build Orders: Hatch First 

Get SALT Encoding   

  12  0:01  Drone  
  13  0:14  Overlord  
  13  0:36  Drone x3  
  16  0:47  Drone  
  17  0:56  Hatchery  
  16  1:05  Drone  
  16  1:09  Extractor, Drone  
  17  1:19  Drone  
  18  1:33  Drone  
  18  1:38  Spawning Pool  
  18  1:44  Drone  
  19  1:51  Drone  
  20  2:02  Drone  
  20  2:07  Extractor  
  20  2:08  Drone  
  21  2:13  Drone  
  22  2:18  Overlord  
  22  2:24  Drone  
  22  2:26  Metabolic Boost  
  22  2:28  Queen  
  22  2:29  Queen  
  25  2:31  Drone  
  25  2:35  Roach Warren  
  27  2:37  Drone  
  27  2:41  Drone  
  29  2:53  Overlord  
  29  2:55  Overlord  
  29  2:58  Drone  
  30  3:10  Lair  
  30  3:18  Evolution Chamber  
  29  3:26  Drone x2  
  32  3:27  Drone x3  
  35  3:41  Drone x3  
  35  3:46  Zerg Ground Armor Level 1  
  35  3:47  Drone x2  
  35  3:48  Drone x2  
  41  3:50  Drone  
  42  3:58  Spore Crawler  
  42  4:01  Spore Crawler  
  40  4:04  Drone x2  
  42  4:14  Queen  
  44  4:22  Zergling x2, Roach  
  44  4:23  Zergling x2, Roach x2  
  52  4:24  Overlord  
  52  4:30  Glial Reconstitution  
  52  4:38  Overlord  
  52  4:56  Zergling x4, Roach x2  
  52  4:57  Zergling x6, Roach x3  
  67  5:02  Overlord  
  67  5:17  Hatchery  
  67  5:19  Roach  
  67  5:21  Overlord  
  68  5:25  Zergling x8, Roach x2  
  49  6:42  Overseer  
  49  6:54  Hydralisk Den  
  48  7:03  Drone  
  48  7:04  Drone x9  
  48  7:05  Overlord, Drone x3  
  48  7:06  Overlord x2  
  61  7:17  Hatchery  
  61  7:20  Spawning Pool  
  59  7:25  Muscular Augments  
  59  7:29  Zerg Ground Armor Level 2  
  59  7:31  Overseer, Infestation Pit  
  59  7:33  Hatchery  
  57  7:37  Hatchery  
  56  7:49  Roach x11  
  56  7:50  Roach x4  
  86  8:22  Hive  
  86  8:32  Queen  
  86  8:33  Evolution Chamber  
  87  8:36  Grooved Spines  
  87  8:37  Evolution Chamber  
  86  8:46  Extractor  
  86  8:47  Extractor, Drone x2  
  86  8:48  Drone x4  
  90  8:49  Overlord x4  
  90  9:06  Queen  
  92  9:10  Queen  
  92  9:14  Zerg Missile Weapons Level 1  
  92  9:15  Zerg Melee Weapons Level 1  
  94  9:17  Drone  
  94  9:18  Drone x2  
  94  9:20  Drone x3  
  94  9:23  Extractor, Drone  
  100  9:24  Extractor  
  99  9:58  Lurker Den  
  98  10:04  Ultralisk Cavern  
  97  10:08  Drone x3  
  97  10:09  Drone x2  
  97  10:10  Drone  
  97  10:13  Extractor  
  97  10:14  Extractor  
  101  10:21  Zerg Ground Armor Level 3  
  101  10:25  Zergling x20  
  101  10:26  Zergling x62  
  142  10:36  Adrenal Glands  
  142  10:40  Queen  
  144  10:44  Drone x2  
  144  10:45  Overlord, Drone x4  
  144  10:46  Overlord x3  
  150  11:30  Ultralisk x3  
  150  11:31  Ultralisk  
  150  11:32  Overlord x3  
  174  11:35  Zerg Missile Weapons Level 2  
  174  11:41  Zerg Melee Weapons Level 2  
  107  12:21  Overseer  
  97  12:23  Roach x3  
  97  12:24  Roach x22  
  147  12:31  Hydralisk  
  147  12:32  Hydralisk x2  
  147  12:35  Hydralisk  
  137  13:03  Hydralisk x5  
  137  13:04  Hydralisk x4  
  117  13:34  Overseer x2  
  117  13:43  Spore Crawler  
  117  13:46  Spore Crawler  
  115  13:52  Extractor  
  115  13:53  Extractor  
  113  13:59  Ultralisk x4  
  137  14:04  Overlord x3  
  137  14:08  Chitinous Plating  
  137  14:47  Overseer  
  137  14:49  Pneumatized Carapace  
  137  14:51  Zerg Missile Weapons Level 3  
  137  14:52  Zerg Melee Weapons Level 3  
  137  14:58  Drone x6  
  137  14:59  Drone x5  
  70  16:20  Overseer x2  
  70  16:22  Hydralisk  
  70  16:23  Hydralisk x18  
  70  16:24  Hydralisk x5  
  118  17:06  Ultralisk x3  
  136  17:09  Ultralisk  
  142  17:33  Extractor  
  142  17:35  Hatchery  
  128  17:37  Extractor  
  103  17:44  Hatchery  
  50  18:07  Hydralisk  
  50  18:08  Hydralisk x8  
  50  18:09  Hydralisk  
  40  18:41  Zergling x2  
  40  18:42  Zergling x2  
  40  18:43  Zergling x12  
  40  18:46  Ultralisk  
Show
View Real Time Build Order
Export as new Build Order

CynderQuil Protoss - Winner!

Build Orders: 1 Gate Expand, Zealot Archon 

Get SALT Encoding   

  12  0:09  Probe  
  13  0:21  Probe  
  14  0:23  Pylon  
  14  0:33  Probe  
  15  0:43  Gateway  
  15  0:45  Assimilator, Probe (Chrono Boost)  
  17  0:57  Probe (Chrono Boost)  
  17  1:02  Probe (Chrono Boost)  
  18  1:11  Probe  
  19  1:34  Cybernetics Core  
  19  1:41  Nexus  
  19  1:47  Pylon  
  19  1:52  Probe  
  20  1:58  Assimilator  
  20  2:04  Probe  
  20  2:05  Warp Gate (Chrono Boost)  
  21  2:16  Probe  
  21  2:22  Gateway  
  22  2:27  Gateway  
  22  2:33  Forge  
  22  2:42  Adept  
  24  2:46  Probe  
  25  2:52  Pylon  
  25  2:53  Probe  
  26  3:07  Twilight Council  
  26  3:08  Probe  
  26  3:09  Probe  
  28  3:13  Protoss Ground Weapons Level 1 (Chrono Boost)  
  28  3:20  Probe  
  28  3:23  Probe  
  30  3:33  Probe  
  31  3:35  Probe  
  32  3:43  Charge  
  32  3:45  Probe  
  32  3:47  Probe  
  34  3:57  Probe  
  34  3:59  Pylon, Probe  
  36  4:04  Gateway  
  36  4:08  Pylon  
  36  4:25  Probe x2  
  36  4:27  Nexus  
  38  4:32  Robotics Facility  
  38  4:34  Stalker  
  38  4:37  Probe  
  42  4:38  Probe  
  42  4:49  Probe  
  42  4:50  Probe  
  42  4:51  Assimilator  
  44  4:54  Pylon  
  44  5:01  Probe  
  45  5:10  Dark Shrine  
  45  5:15  Assimilator  
  45  5:17  Probe x2  
  45  5:19  Immortal  
  51  5:21  Blink (Chrono Boost)  
  51  5:29  Probe  
  51  5:31  Probe  
  53  5:36  Protoss Ground Weapons Level 2  
  53  5:45  Probe x3  
  56  5:53  Pylon  
  56  5:56  Pylon  
  56  5:57  Probe x3  
  56  5:59  Pylon  
  56  6:02  Adept  
  56  6:03  Adept x3  
  57  6:24  Dark Templar x4  
  52  6:30  Immortal (Chrono Boost)  
  49  6:40  Probe  
  49  6:41  Probe x2  
  52  6:47  Pylon  
  52  6:49  Pylon  
  52  6:54  Photon Cannon, Probe (Chrono Boost)  
  53  6:56  Photon Cannon  
  53  6:59  Probe (Chrono Boost)  
  53  7:00  Probe (Chrono Boost)  
  55  7:06  Probe (Chrono Boost)  
  57  7:10  Probe (Chrono Boost)  
  57  7:12  Probe x2 (Chrono Boost)  
  57  7:14  Probe (Chrono Boost)  
  59  7:19  Probe  
  59  7:20  Probe  
  59  7:21  Pylon  
  63  7:31  Probe  
  63  7:42  Stalker x2  
  63  7:43  Stalker  
  69  7:54  Immortal (Chrono Boost)  
  69  7:55  Archon  
  69  7:56  Archon  
  73  8:06  Pylon  
  73  8:09  Pylon  
  73  8:13  Pylon  
  73  8:26  Gateway  
  73  8:28  Gateway  
  73  8:30  Gateway  
  73  8:31  Gateway  
  73  8:33  Gateway  
  73  8:35  Gateway  
  73  8:36  Pylon, Assimilator  
  73  8:40  Gateway  
  73  8:43  Gateway  
  73  8:44  Probe x3  
  73  8:46  Immortal  
  80  8:49  Dark Templar x3  
  86  8:56  Probe x3  
  86  8:58  Stargate  
  86  9:00  Stargate  
  89  9:05  Stargate  
  89  9:08  Probe x3  
  92  9:13  Assimilator  
  92  9:27  Immortal  
  96  9:45  Shadow Stride  
  96  9:46  Phoenix x2  
  96  9:48  Phoenix  
  102  9:54  Adept x2  
  102  9:55  Adept x2  
  110  10:10  Pylon  
  110  10:11  Pylon x2  
  110  10:18  Immortal, Gateway  
  110  10:20  Gateway  
  114  10:22  Fleet Beacon  
  114  10:28  Pylon  
  114  10:37  Pylon  
  114  10:38  Pylon  
  114  10:46  Nexus  
  114  10:49  Assimilator  
  114  10:53  Assimilator  
  114  10:56  Phoenix  
  116  10:57  Phoenix x2, Pylon  
  116  11:01  Pylon  
  116  11:03  Immortal (Chrono Boost)  
  124  11:21  Phoenix  
  124  11:22  Phoenix x2  
  130  11:32  Photon Cannon  
  130  11:33  Photon Cannon  
  130  11:35  Pylon  
  130  11:38  Observer (Chrono Boost)  
  131  11:44  Robotics Bay  
  131  11:49  Probe x3  
  133  12:01  Probe x3  
  134  12:06  Dark Templar x6  
  134  12:07  Dark Templar x4  
  124  12:35  Probe x2  
  124  12:36  Probe x2  
  128  12:56  Dark Templar x6  
  128  12:57  Dark Templar  
  142  13:04  Probe  
  142  13:05  Probe x2  
  109  13:25  Phoenix  
  109  13:26  Protoss Air Weapons Level 1 (Chrono Boost), Phoenix x2  
  115  13:42  Mothership (Chrono Boost)  
  115  13:48  Immortal (Chrono Boost)  
  127  14:03  Probe x3 (Chrono Boost)  
  127  14:07  Archon x2  
  127  14:08  Archon x2  
  130  14:10  Dark Templar  
  130  14:12  Zealot x4  
  130  14:13  Zealot x6  
  130  14:14  Zealot x2  
  130  14:15  Probe  
  157  14:20  Archon  
  157  14:21  Protoss Ground Weapons Level 3  
  157  14:25  Immortal (Chrono Boost)  
  161  14:50  Nexus  
  161  14:51  Immortal  
  161  14:53  Assimilator  
  161  14:55  Pylon  
  161  14:56  Pylon  
  161  14:57  Pylon  
  165  15:10  Dark Templar  
  165  15:11  Dark Templar x3  
  165  15:12  Zealot x5  
  165  15:13  Adept x2  
  165  15:14  Adept x2  
  151  15:30  Observer  
  128  15:36  Probe x4  
  126  15:45  Zealot x5  
  126  15:46  Zealot x5  
  126  15:47  Zealot x3  
  126  15:48  Probe x2  
  150  16:05  Probe x2  
  150  16:06  Probe x3  
  155  16:16  Pylon  
  155  16:17  Probe  
  155  16:18  Dark Templar x5, Pylon  
  162  16:19  Dark Templar x3  
  162  16:20  Sentry  
  162  16:21  Sentry x2  
  179  16:25  Observer (Chrono Boost)  
  179  16:41  Probe  
  179  16:42  Probe x4  
  184  16:52  Zealot x4  
  184  16:53  Zealot x3  
  198  16:57  Assimilator  
  176  18:02  Pylon  
  168  18:19  Zealot x6  
  180  18:20  Zealot x5  
  190  19:03  Zealot x3  
  190  19:04  Dark Templar x2  
Tags
 
Add a new tag
Caveats
  • Supply blocks, unpowered buildings, or Contaminate may cause inaccurate times.
  • Supply counts are checked every 10 seconds.